 Dungeon Crawl Stone Soup version 0.27-a0-1060-gcb85b5eba1 (webtiles) character file.

Game seed: 2839726240073966232

77 kae the Ruffian (level 4, 0/38 HPs)
             Began as a Naga Transmuter on Apr 21, 2021.
             Slain by an adder (1 damage)
             ... on level 2 of the Dungeon.
             The game lasted 00:01:51 (2225 turns).

kae the Ruffian (Naga Transmuter)                   Turns: 2225, Time: 00:01:51

Health: 0/38       AC:  3    Str: 14    XL:     4   Next: 34%
Magic:  2/7        EV: 10    Int: 13    God:
Gold:   36         SH:  0    Dex: 11    Spells: 3/7 levels left

rFire    . . .     SeeInvis +     - Unarmed
rCold    . . .     Faith    .   (no shield)
rNeg     . . .     Spirit   .   a - +1 robe
rPois    +         Reflect  .   (no helmet)
rElec    .         Harm     .   (no cloak)
rCorr    .         Rampage  .   (no gloves)
Will     .....                  (no barding)
Stlth    +.........             (no amulet)
HPRegen  0.12/turn              (no ring)
MPRegen  0.10/turn              (no ring)

@: lethally poisoned (0 -> -5), about to teleport, very slightly contaminated,
very slow
A: AC +1, large, see invisible, deformed body, poison resistance, slowness 2,
spit poison 1, naga tail 1
a: Spit Poison


You were on level 2 of the Dungeon.
You visited 1 branch of the dungeon, and saw 2 of its levels.

You collected 36 gold pieces.

Inventory:

Armour
 a - a +1 robe (worn)
Scrolls
 c - a scroll of enchant armour


   Skills:
 + Level 1.4 Fighting
 + Level 1.9 Dodging
 * Level 3.5 Unarmed Combat
 + Level 2.4 Spellcasting
 * Level 2.8 Transmutations
 * Level 1.4 Poison Magic


You had 3 spell levels left.
You knew the following spells:

 Your Spells              Type           Power      Damage    Failure   Level
a - Beastly Appendage     Tmut           16%        N/A       8%          1
b - Spider Form           Tmut/Pois      3%         N/A       30%         3

Your spell library contained the following spells:

 Spells                   Type           Power      Damage    Failure   Level
 Wereblood                Tmut           8%         N/A       12%         2
 Ice Form                 Ice/Tmut       5%         N/A       80%         4
 Hydra Form               Tmut           4%         N/A       91%         5


Dungeon Overview and Level Annotations

Branches:
Dungeon (2/15)

Altars:


Innate Abilities, Weirdness & Mutations

Your serpentine skin is tough. (AC +1)
You have supernaturally acute eyesight. (SInv)
Armour fits poorly on your strangely shaped body.
Your system is resistant to poisons. (rPois)
You cover ground very slowly.
You can spit poison.
You have a snake-like lower body.


Message History

Casting: Spider Form (quite dangerous; 30% risk of failure)
Confirm with . or Enter, or press ? or * to list all spells.
You don't have enough magic to cast this spell.
There are monsters nearby!
You closely miss the adder. The adder bites you but does no damage.
Press: ? - help, Shift-Dir - straight line, f/p - endoplasm
Aim: an endoplasm The splash of poison hits the endoplasm.
The endoplasm completely resists.
The adder barely misses you. The endoplasm freezes you.
You are frozen.
The adder bites you but does no damage.
You closely miss the adder.
The endoplasm hits you but does no damage.
The adder bites you.
You hit the adder.
The adder is heavily wounded.
The endoplasm freezes you.
You are frozen.
* * * LOW HITPOINT WARNING * * *
The adder bites you.
* * * LOW HITPOINT WARNING * * *
Casting: Spider Form (quite dangerous; 30% risk of failure)
Confirm with . or Enter, or press ? or * to list all spells.
You don't have enough magic to cast this spell.
There are monsters nearby!
You aren't carrying any potions.
You aren't carrying any potions.
Unknown command.
As you read the scroll labelled QISHA DALOERAE, it crumbles to dust.
You feel strangely unstable.
It was a scroll of teleportation.
You have got your breath back.
The adder bites you.
* * * LOW HITPOINT WARNING * * *
You are lethally poisoned!
The adder poisons you! The endoplasm barely misses you.
Unknown command.
* * * LOW HITPOINT WARNING * * *
You feel very sick. The adder bites you.
You die...

########### ...##.....##
...........## ....).......#
............# .. <...........#
#####... ............#
#######....... ............#
#........#......
............###.@†............
................SJ†...........
..............#........#..?...
.##..#.................#......
....................)..#......
..............................
....#..............###..#.....
....#..............# #.## ....
.................... ... ...


You could see an adder and an endoplasm.

Vanquished Creatures
  4 gnolls
  A dart slug (D:1)
  3 bats (D:1)
  2 endoplasms (D:1)
  2 giant cockroaches
  4 goblins (D:1)
  4 hobgoblins
  3 jackals (D:2)
  2 quokkas (D:1)
  2 ball pythons (D:1)
  A frilled lizard (D:1)
  3 kobolds
  6 rats (D:1)
37 creatures vanquished.

Notes
Turn   | Place    | Note
-------+----------+-------------------------------------------
     0 | D:1      | kae the Naga Transmuter began the quest for the Orb.
     0 | D:1      | Reached XP level 1. HP: 18/18 MP: 3/3
   195 | D:1      | Reached XP level 2. HP: 14/25 MP: 3/5
   799 | D:1      | Reached XP level 3. HP: 30/31 MP: 4/6
  1402 | D:2      | Found a faded altar of an unknown god.
  1490 | D:1      | Learned a level 3 spell: Spider Form
  1752 | D:2      | Reached skill level 1 in Poison Magic
  1752 | D:2      | Reached XP level 4. HP: 16/38 MP: 3/7
  2225 | D:2      | HP: 1/38 [poisoned by an adder]
  2225 | D:2      | Slain by an adder

Illustrated notes

Levels and vault maps discovered:
D:1:      lemuel_arrival_hallway, layout_loops_cross, hex_tiny
D:2:      layout_rooms, basic_altar, shapermc_ecumenical_altar_totnotflames

Skill      XL: |  1  2  3 |
---------------+----------+-----
Poison Magic   | 1 |  1.4
Fighting       | |  1.4
Dodging        | |  1.9
Unarmed Combat | |  3.5
Spellcasting   | |  2.4
Transmutations | |  2.8

Action                   |  1- 3 |  4- 6 || total
-------------------------+-------+-------++-------
Melee: Unarmed           |    61 |    25 ||    86
       Headbutt          |     6 |     2 ||     8
 Cast: Beastly Appendage |    18 |     3 ||    21
       Spider Form       |     2 |     2 ||     4
 Abil: Spit Poison       |    17 |     5 ||    22
  Use: Scroll            |     5 |     1 ||     6
Armor: Robe              |     9 |     7 ||    16
Dodge: Dodged            |    48 |    13 ||    61

Table legend: (Time is in decaauts)
 A = Elapsed time spent in this place.
 B = Non-inter-level travel time spent in this place.
 C = Inter-level travel time spent in this place.
 D = Time resting spent in this place.
 E = Time spent auto-exploring this place.
 F = Levels seen in this place.
 G = Mean time per level.
                   A        B        C        D        E       F      G
               +--------+--------+--------+--------+--------+-----+--------+
         Total |   2559 |   2437 |    122 |    458 |   1662 |   2 | 1279.5 |
       Dungeon |   2559 |   2437 |    122 |    458 |   1662 |   2 | 1279.5 |
               +--------+--------+--------+--------+--------+-----+--------+

Top non-repeatable levels by time:
     D:1: 2103 daAuts
     D:2: 456 daAuts
